 Dungeon Crawl Stone Soup version 0.30-a0-341-g682706514a (webtiles) character file.

Game seed: 7141969064819332480

23 Elric the Poker (level 2, -8/22 HPs)
             Began as a Merfolk Gladiator on Nov 2, 2022.
             Mangled by a gnoll
             ... wielding a +4 flail of protection
              (13 damage)
             ... on level 1 of the Dungeon.
             The game lasted 00:01:07 (810 turns).

Elric the Poker (Merfolk Gladiator)                  Turns: 810, Time: 00:01:08

Health: -8/22      AC:  6    Str: 14    XL:     2   Next: 95%
Magic:  2/2        EV: 12    Int:  7    God:
Gold:   36         SH:  0    Dex: 15    Spells: 1/1 levels left

rFire   . . .      SeeInvis .    a - +0 trident
rCold   . . .      Faith    .    (no shield)
rNeg    . . .      Spirit   .    h - +0 ring mail
rPois   .          Reflect  .    c - +0 helmet
rElec   .          Harm     .    (no cloak)
rCorr   .          Rampage  .    (no gloves)
Will    .....                    (no boots)
Stlth   +.........               (no amulet)
HPRegen 0.23/turn                (no ring)
MPRegen 0.08/turn                (no ring)

@: about to teleport
A: (nimble swimmer 2), mertail
a: no special abilities


You were on level 1 of the Dungeon.
You visited 1 branch of the dungeon, and saw 2 of its levels.

You collected 36 gold pieces.

Inventory:

Hand Weapons
 a - a +0 trident (weapon)
Missiles
 d - 3 throwing nets (quivered)
 e - a javelin
Armour
 b - a +0 leather armour
 c - a +0 helmet (worn)
 h - a +0 ring mail (worn)
Scrolls
 f - a scroll of magic mapping {unknown}
 g - a scroll of fog
 i - a scroll of identify {unknown}
 j - a scroll of vulnerability {unknown}
 l - 3 scrolls of noise {unknown}


   Skills:
 - Level 2.2 Fighting
 + Level 5.3 Polearms
 - Level 2.0 Throwing
 - Level 4.0 Dodging


You had one spell level left.
You didn't know any spells.
Your spell library contained the following spells:

 Spells                   Type           Power      Damage    Failure   Level
 Vhi's Electric Charge    Tloc/Air       0%         N/A       96%         3
 Arcjolt                  Conj/Air       0%         1d10      100%        5
 Maxwell's Capacitive Co  Air            0%         ∞         100%        8


Dungeon Overview and Level Annotations

Branches:
Dungeon (2/15)

Altars:


Innate Abilities, Weirdness & Mutations

((You are very nimble when in or above water. (Stealth+, EV+, Speed+++)))
Your lower body shifts to a powerful aquatic tail in water.


Message History

Done exploring.
Done exploring.
Done exploring.
No target in view!
Done exploring.
(D) Dungeon
Where to? (? - help)
What level of the Dungeon? (default 1, ? - help)
You see here a rat skeleton.
There is an open door here.
There is a stone staircase leading down here.
You climb downwards.
The gnoll shouts! x3
The endoplasm quivers.
The frilled lizard hisses angrily.
There is a stone staircase leading up here.
There are monsters nearby!
There are monsters nearby!
You hit the gnoll.
The gnoll is moderately wounded.
The frilled lizard bites you but does no damage.
The gnoll hits you with a +0 club.
The frilled lizard bites you but does no damage.
The gnoll hits you with a +0 club. The gnoll barely misses you.
You climb upwards.
There is a stone staircase leading down here.
You aren't carrying any potions.
Throw: 3 throwing nets
Press: ? - help, Q - select action, (/) - cycle Shift-Dir - straight line, f - you
Okay, then.
As you read the scroll labelled VUMUAS YFEES, it crumbles to dust.
You feel strangely unstable.
It was a scroll of teleportation.
The gnoll closely misses you.
The gnoll hits you with a +4 flail of protection!
* * * LOW HITPOINT WARNING * * *
As you read the scroll labelled SUOSUPT ZELUIM, it crumbles to dust.
The scroll dissolves into smoke.
It was a scroll of fog.
The gnoll misses you.
The gnoll hits you with a +4 flail of protection!
Ouch! That really hurt!
You die...

#.# #.### #.... ##### #
### #.^ ###
##########.#
#@#####.......##.#
#gg§.<#.#####.##.#
######l#####.#####.##..
#....#'##.......##.##..
#.##...#...#.##.##.####
#.##......#..##.##.####
#.######.#.#..........#
#.# ##.#####.#####.#
##.# ### #.#####.#


You could see 2 gnolls and a frilled lizard.

Vanquished Creatures
  A dart slug (D:1)
  A ball python (D:1)
  An endoplasm (D:1)
  A giant cockroach (D:1)
  3 goblins (D:1)
  A hobgoblin (D:1)
  2 jackals (D:1)
  2 kobolds (D:1)
  A quokka (D:1)
  A bat (D:1)
  3 frilled lizards (D:1)
  2 rats (D:1)
19 creatures vanquished.

Notes
Turn   | Place    | Note
-------+----------+-------------------------------------------
     0 | D:1      | Elric the Merfolk Gladiator began the quest for the Orb.
     0 | D:1      | Reached XP level 1. HP: 16/16 MP: 1/1
   254 | D:1      | Reached XP level 2. HP: 19/22 MP: 2/2
   310 | D:1      | Reached skill level 5 in Polearms
   350 | D:1      | Found a faded altar of an unknown god.
   810 | D:1      | Mangled by a gnoll

Illustrated notes

Levels and vault maps discovered:
D:1:      amcnicky_arrival_choice, layout_loops_cross,
          shapermc_ecumenical_altar_venn, st_stairs_12
D:2:      layout_loops_corners, kennysheep_flooded_box,
          minmay_misc_feat_nine_boxes, uniq_robin

Skill      XL: |  1  2 |
---------------+-------+-----
Polearms       | 5 |  5.3
Fighting       | |  2.2
Throwing       | |  2.0
Dodging        | |  4.0

Action                   || total
-------------------------++-------
Melee: Trident           ||    50
  Use: Scroll            ||     2
Armor: Leather armour    ||     4
       Ring mail         ||     7
Dodge: Dodged            ||    27

Table legend: (Time is in decaauts)
 A = Elapsed time spent in this place.
 B = Non-inter-level travel time spent in this place.
 C = Inter-level travel time spent in this place.
 D = Time resting spent in this place.
 E = Time spent auto-exploring this place.
 F = Levels seen in this place.
 G = Mean time per level.
                   A        B        C        D        E       F      G
               +--------+--------+--------+--------+--------+-----+--------+
         Total |    813 |    761 |     52 |      0 |    644 |   2 |  406.5 |
       Dungeon |    813 |    761 |     52 |      0 |    644 |   2 |  406.5 |
               +--------+--------+--------+--------+--------+-----+--------+

Top non-repeatable levels by time:
     D:1: 810 daAuts
     D:2: 2 daAuts
